 Dungeon Crawl Stone Soup version 0.31.0-9-g3a7656b989 (webtiles) character file.

Game seed: 1696054150014600415

8 Colgate the Shooter (level 2, 22/22 HPs)
             Began as a Demonspawn Hunter on Feb 6, 2024.
             Quit the game on level 1 of the Dungeon.
             The game lasted 00:00:08 (187 turns).

Colgate the Shooter (Demonspawn Hunter)              Turns: 187, Time: 00:00:08

Health: 22/22      AC:  3    Str: 11    XL:     2   Next: 0%
Magic:  2/2        EV: 11    Int:  9    God:
Gold:   15         SH:  0    Dex: 16    Spells: 1/1 levels left

rFire   . . .        a - +0 shortbow
rCold   . . .        (shield currently unavailable)
rNeg    . . .        c - +0 leather armour
rPois   .            (no helmet)
rElec   .            (no cloak)
rCorr   .            (no gloves)
SInv    .            (no boots)
Will    .....        (no amulet)
Stlth   +            (no ring)
HPRegen 0.23/turn    (no ring)
MPRegen 0.08/turn

%: no passive effects
@: no status effects
A: spiny 1
a: no special abilities


You were on level 1 of the Dungeon.
You visited 1 branch of the dungeon, and saw 1 of its levels.

You collected 15 gold pieces.

Inventory:

Hand Weapons
 a - a +0 shortbow (weapon)
Armour
 c - a +0 leather armour (worn)
Scrolls
 b - a scroll of butterflies
Potions
 d - a potion of berserk rage {unknown}
 e - a potion of degeneration {unknown}


   Skills:
 - Level 2.0 Fighting
 + Level 4.0 Ranged Weapons
 - Level 1.7 Dodging
 - Level 0.8 Stealth


You had one spell level left.
You didn't know any spells.
Your spell library was empty.

Dungeon Overview and Level Annotations

Branches:
Dungeon (1/15)

Altars:


Innate Abilities, Weirdness & Mutations

You are partially covered in sharp spines.


Message History

No target in view!
Key pressed, stopping explore.
No target in view!
Key pressed, stopping explore.
No target in view!
Key pressed, stopping explore.
No target in view!
A bat is nearby!
You shoot an arrow. The arrow closely misses the bat.
The bat misses you.
A bat is nearby!
You shoot an arrow. The arrow barely misses the bat.
The bat hits you.
A bat is nearby!
You shoot an arrow. The arrow hits the bat.
You kill the bat!
Key pressed, stopping explore.
No target in view!
Key pressed, stopping explore.
No target in view!
Key pressed, stopping explore.
No target in view!
Key pressed, stopping explore.
No target in view!
Key pressed, stopping explore.
No target in view!
Key pressed, stopping explore.
No target in view!
A bat and a kobold come into view.
The kobold shouts!
A dart slug comes into view.
You shoot an arrow. The arrow barely misses the kobold.
There are monsters nearby!
You shoot an arrow. The arrow closely misses the kobold.
The bat barely misses you.
There are monsters nearby!
You shoot an arrow. The arrow hits the bat.
You kill the bat!
You have reached level 2!
Your demonic ancestry asserts itself...
Sharp spines emerge from parts of your body.
Are you sure you want to abandon this character and quit the game? (Confirm with "yes".)

.........##########.#
#######.............#
##.##########.## #.#
#... #.# #.##
#######.##########.##
#....................
#.##.#†#.#.#########..##
#..w...@...# #.###
####.#K##### #.# #
#...#.### #.# #
###.##..### #.# # #.
##...### #.# # #.
##....### #.# # #.
##.....###.# # #.
##......### # ##.......#
#


You could see a dart slug and a kobold.

Vanquished Creatures
  A ball python (D:1)
  An endoplasm (D:1)
  2 goblins (D:1)
  A hobgoblin (D:1)
  2 bats (D:1)
7 creatures vanquished.

Notes
Turn   | Place    | Note
-------+----------+-------------------------------------------
     0 | D:1      | Colgate the Demonspawn Hunter began the quest for the Orb.
     0 | D:1      | Reached XP level 1. HP: 16/16 MP: 1/1
   100 | D:1      | Reached skill level 4 in Ranged Weapons
   187 | D:1      | Gained mutation: You are partially covered in sharp spines.
                  | [demonic ancestry]
   187 | D:1      | Reached XP level 2. HP: 22/22 MP: 2/2
   187 | D:1      | Quit the game

Illustrated notes

Levels and vault maps discovered:
D:1:      minmay_arrival_pointy, layout_loops_ring,
          ebering_ecumenical_altar_rust

Skill      XL: |  1 |
---------------+----+-----
Ranged Weapons | 4 |  4.0
Fighting       | |  2.0
Dodging        | |  1.7
Stealth        | |  0.8

Action                     || total
---------------------------++-------
   Fire: Shortbow          ||    23
 Armour: Leather armour    ||     4
  Dodge: Dodged            ||     6
